 Dungeon Crawl Stone Soup version 0.25.0-9-g26727b657a (webtiles) character file.

Game seed: 2713266493498046601

79 mopl the Chopper (level 4, -5/42 HPs)
             Began as a Naga Gladiator on June 16, 2020.
             Slain by an orc warrior
             ... wielding a +0 glaive
              (10 damage)
             ... on level 3 of the Dungeon.
             The game lasted 00:01:30 (1222 turns).

mopl the Chopper (Naga Gladiator)                   Turns: 1222, Time: 00:01:31

Health: -5/42      AC:  7    Str: 17    XL:     4   Next: 37%
Magic:  4/4        EV:  5    Int:  8    God:
Gold:   77         SH:  0    Dex: 13    Spells: 3/3 levels left

rFire    . . .     SeeInvis +   a - +0 war axe
rCold    . . .     Gourm    .   (no shield)
rNeg     . . .     Faith    .   p - +0 chain mail
rPois    +         Spirit   .   c - +0 helmet
rElec    .         Reflect  .   (no cloak)
rCorr    .         Harm     .   j - +0 pair of gloves
MR       .....                  (no barding)
Stlth    ..........             (no amulet)
HPRegen  0.14/turn              b - +4 ring of slaying
MPRegen  0.09/turn              (no ring)

@: very slow
A: large, see invisible, deformed body, poison resistance, slowness 2, slow
metabolism 1, spit poison 1, AC +1
a: Spit Poison


You were on level 3 of the Dungeon.
You were not hungry.

You visited 1 branch of the dungeon, and saw 3 of its levels.

You collected 77 gold pieces.

Inventory:

Hand Weapons
 a - a +0 war axe (weapon)
Missiles
 d - 3 throwing nets (quivered)
 h - 8 boomerangs
 s - 7 javelins
 u - 17 poisoned darts
Armour
 c - a +0 helmet (worn)
 j - a +0 pair of gloves (worn)
 p - a +0 chain mail (worn)
Jewellery
 b - a +4 ring of slaying (left hand)
Scrolls
 e - a scroll of remove curse {unknown}
 l - a scroll of amnesia {unknown}
 m - 2 scrolls of magic mapping {unknown}
 o - a scroll of blinking {unknown}
 q - 2 scrolls of teleportation {unknown}
 t - 2 scrolls of immolation {unknown}
 v - a scroll of enchant armour {unknown}
Potions
 g - a potion of mutation
 i - a potion of heal wounds
 k - a potion of stabbing
 n - 3 potions of degeneration {unknown}
 r - a potion of flight
Comestibles
 f - 4 rations
 w - 3 chunks of flesh


   Skills:
 + Level 3.0 Fighting
 * Level 4.5 Axes
 - Level 1.7 Throwing
 - Level 2.4 Dodging


You had 3 spell levels left.
You didn't know any spells.
Your spell library was empty.

Dungeon Overview and Level Annotations

Branches:
Dungeon (3/15)

Altars:


Innate Abilities, Weirdness & Mutations

You cannot wear boots.
Your serpentine skin is tough. (AC +1)
You have supernaturally acute eyesight. (SInv)
Armour fits poorly on your strangely shaped body.
Your system is resistant to poisons. (rPois)
You cover ground very slowly.
You have a slow metabolism.
You can spit poison.


Message History

An orc priest comes into view. It is wielding a +0 falchion.
The orc priest shouts!
The orc priest calls down the wrath of Beogh upon you.
Beogh smites you!
You hear a shout!
An orc priest is nearby!
An orc warrior comes into view. It is wielding a +0 glaive.
The orc priest mumbles some strange prayers to Beogh against you.
Pain shoots through your body!
A bat comes into view.
The orc warrior hits you from afar with a +0 glaive!!
* * * LOW HITPOINT WARNING * * *
The bat moves out of view.
You hear a shout!
You are too injured to fight recklessly!
You are too injured to fight recklessly!
You hear a shout!
An orc comes into view. It is wielding a +0 mace.
The orc warrior hits you from afar with a +0 glaive!
You die...

#[.# #.. ####..# #.#
##)....# #..
##...#.######.#
#..#...<.....o#
#....#.######o#
#.#.##.# #o# #.#
#.#.##.# #.# #.#
#.#.##.# ##@## #.#
#.#.##.#####..<#####.##
#.#.##................#
#.#.#######.....####..#
#.#.# ####....÷####..#
#.#.. .......)..÷....#
#.# ####.....#####.#
#.#########.....# #.#
####.............###
#.#


You could see an orc warrior, an orc priest and an orc.

Vanquished Creatures
  Jessica (D:3)
  An adder (D:2)
  2 oozes
  A leopard gecko (D:2)
  A bat (D:3)
  4 giant cockroaches
  9 goblins
  3 hobgoblins
  2 kobolds (D:2)
  2 frilled lizards
  7 rats
33 creatures vanquished.

Notes
Turn   | Place    | Note
-------+----------+-------------------------------------------
     0 | D:1      | mopl the Naga Gladiator began the quest for the Orb.
     0 | D:1      | Reached XP level 1. HP: 19/19 MP: 1/1
    77 | D:1      | Reached XP level 2. HP: 20/26 MP: 2/2
   465 | D:2      | Reached XP level 3. HP: 22/33 MP: 3/3
   592 | D:2      | Reached skill level 4 in Axes
  1200 | D:3      | Noticed Jessica
  1205 | D:3      | Killed Jessica
  1205 | D:3      | Reached XP level 4. HP: 40/42 MP: 4/4
  1217 | D:3      | Noticed an orc warrior
  1222 | D:3      | Slain by an orc warrior

Illustrated notes

Levels and vault maps discovered:
D:1:      nzn_arrival_depleted_hourglass, layout_rooms
D:2:      layout_basic
D:3:      layout_loops_ring, uniq_jessica

Skill      XL: |  1  2  3 |
---------------+----------+-----
Axes           | 4 |  4.5
Fighting       | 3 |  3.0
Throwing       | |  1.7
Dodging        | |  2.4

Action                   |  1- 3 |  4- 6 || total
-------------------------+-------+-------++-------
Melee: War axe           |    86 |       ||    86
 Abil: Spit Poison       |     1 |       ||     1
  Use: Scroll            |     4 |       ||     4
  Eat: Chunk             |     1 |       ||     1
Armor: Leather armour    |    14 |       ||    14
       Chain mail        |    28 |       ||    28
Dodge: Dodged            |    35 |       ||    35
